 Dungeon Crawl Stone Soup version 0.18-a0-1774-gce1f7b6 (webtiles) character file.

109 namelastname112 the Sneak (level 4, 0/23 HPs)
             Began as a Vine Stalker Assassin on Apr 15, 2016.
             Succumbed to an adder's poison
             ... on level 3 of the Dungeon.
             The game lasted 00:02:34 (1776 turns).

namelastname112 the Sneak (Vine Stalker Assassin)   Turns: 1776, Time: 00:02:34

Health: 0/23       AC:  3    Str: 13    XL:     4   Next: 89%
Magic:  3/5        EV: 12    Int: 14    God:
Gold:   168        SH:  0    Dex: 17    Spells: 0 memorised, 3 levels left

rFire  + . .     SeeInvis .     t - -2 dagger (curse)
rCold  . . .     Gourm    .     c - +0 robe
rNeg   . . .     Faith    .     (no shield)
rPois  .         Spirit   +     (no helmet)
rElec  .         Dismiss  .     d - +0 cloak
rCorr  .         Reflect  .     (no gloves)
SustAt .         Harm     .     (no boots)
MR     .....                    j - amulet of magic regeneration
Stlth  +++.......               k - +3 ring of intelligence
                                m - ring of protection from fire

@: lethally poisoned (0 -> -2), not resistant to hostile enchantments, fairly
stealthy
A: fangs 2, regeneration 1, magic shield, antimagic bite, no device heal 3, rot
immunity
a: no special abilities


You were on level 3 of the Dungeon.
You were hungry.

You visited 1 branch of the dungeon, and saw 3 of its levels.

You collected 168 gold pieces.

Inventory:

Hand Weapons
 b - a +1 blowgun
 p - a +1 short sword of venom
 t - a cursed -2 dagger (weapon)
Missiles
 e - 8 poisoned needles
 f - 2 curare-tipped needles
Armour
 c - a +0 robe (worn)
 d - a +0 cloak (worn)
Jewellery
 j - an amulet of magic regeneration (around neck)
 k - a +3 ring of intelligence (right hand)
 m - a ring of protection from fire (left hand)
Scrolls
 h - a scroll of identify
Potions
 i - a potion of degeneration {unknown}
 n - a potion of flight
 o - a potion of curing
Comestibles
 a - 2 beef jerkies
 g - a bread ration


   Skills:
 + Level 2.2 Fighting
 * Level 2.8 Short Blades
 + Level 2.2 Throwing
 + Level 1.4 Dodging
 * Level 5.8 Stealth


You had 3 spell levels left.
You didn't know any spells.

Dungeon Overview and Level Annotations

Branches:
Dungeon (3/15)

Altars:
Pakellas


Innate Abilities, Weirdness & Mutations

You have extremely sharp teeth.
Your natural rate of healing is unusually fast.
When hurt, damage is shared between your health and your magic reserves.
Your bite disrupts and absorbs the magic of your enemies.
Potions and wands cannot restore your health.
You are immune to rotting.


Message History

You take 1 damage, and have 1/23 hp.
You now have 2/5 mp.
Drink which item? (? for menu, Esc to quit)
You feel better. The adder misses you. The goblin closely misses you.
You hit the adder.
The adder is almost dead.
The adder closely misses you. The goblin hits you but does no damage.
You closely miss the adder. Your bite misses the adder.
The adder is almost dead.
The adder misses you. The goblin barely misses you.
The adder closely misses you.
You miss the adder. Your bite misses the adder.
The adder is almost dead.
The adder bites you.
* * * LOW HITPOINT WARNING * * *
You are lethally poisoned!
The adder poisons you!
You take 1 damage, and have 1/23 hp.
You closely miss the adder. Your bite misses the adder.
The adder is almost dead.
You die...

####...######## #...############
#..'...'......# #...#..........#
#.##...######.# #...#..........#
#.#....# #.# #...#...)......#
#.#.#.#######.# #...#..........#
#.#.#.##?...#.# #รท..#g..........
#.#.#.##.##.#.# #...gg..........
#.#.#.##.##.#.######.#...........
#.#.#.#.....#..S@glgg#######.....
#.#<#.!........####### #..... #.#
##...........# #..... #.#
#........##.# #..... #.#
#.......###.# #..?.. #.#
#...........# ......... #.#
#........#### ..........
#.####........# .........:
#.............# ..........


You could see a gnoll, an adder, a giant gecko and 2 goblins.

Vanquished Creatures
  A hound (D:3)
  3 gnolls (D:3)
  An adder (D:2)
  A dart slug (D:1)
  A giant gecko (D:2)
  An orc (D:3)
  4 bats
  3 giant cockroaches
  4 goblins
  6 hobgoblins
  A quokka (D:2)
  A ball python (D:1)
  4 giant newts
  4 kobolds
  4 rats (D:1)
39 creatures vanquished.

Notes
Turn   | Place    | Note
--------------------------------------------------------------
     0 | D:1      | namelastname112 the Vine Stalker Assassin began the quest for the Orb.
     0 | D:1      | Reached XP level 1. HP: 11/11 MP: 2/2
   218 | D:1      | Reached skill level 5 in Stealth
   218 | D:1      | Reached XP level 2. HP: 2/15 MP: 1/3
   409 | D:1      | Reached skill level 1 in Dodging
  1025 | D:2      | Reached XP level 3. HP: 18/18 MP: 4/4
  1250 | D:3      | Found an oddly glowing altar of Pakellas.
  1354 | D:3      | Reached XP level 4. HP: 23/23 MP: 5/5
  1771 | D:3      | HP: 1/23 [adder (1)]
  1776 | D:3      | Succumbed to an adder's poison

Vault maps used:
D:1:      dpeg_arrival_prison
D:3:      grunt_pakellas_mercury

Skill      XL: |  1  2  3 |
---------------+----------+-----
Throwing       | 2 |  2.2
Short Blades   | 2 |  2.8
Stealth        | 5 |  5.8
Dodging        | 1 |  1.4
Fighting       | 2 |  2.2

Action                   |  1- 3 |  4- 6 || total
-------------------------+-------+-------++-------
Melee: Dagger            |    60 |    66 ||   126
       Bite              |    15 |    22 ||    37
       Short sword       |     7 |     3 ||    10
  Use: Scroll            |       |     8 ||     8
       Potion            |       |     1 ||     1
 Stab: Sleeping          |    11 |     1 ||    12
  Eat: Chunk             |       |     2 ||     2
Armor: Robe              |    12 |    10 ||    22
Dodge: Dodged            |    34 |    49 ||    83
